 Dungeon Crawl Stone Soup version 0.22-a0-897-g1b7a381375 (webtiles) character file.

23186 Mirvelgyr the Executioner (level 12, -10/90 HPs)
             Began as a Minotaur Berserker on July 31, 2018.
             Was a High Priest of Trog.
             Killed from afar by a deep elf knight (25 damage)
             ... with a shard of ice
             ... on level 13 of the Dungeon.
             The game lasted 00:14:06 (10496 turns).

Mirvelgyr the Executioner (Minotaur Berserker)     Turns: 10496, Time: 00:14:06

Health: -10/90     AC:  6    Str: 22    XL:     12   Next: 69%
Magic:  11/11      EV:  7    Int:  4    God:    Trog [*****.]
Gold:   380        SH:  0    Dex: 15    Spells: 11/11 levels left

rFire    . . .     SeeInvis .   a - +8 frozen axe "Frostbite" {freezing cloud, *Noise +Fly rC+}
rCold    + . .     Gourm    .   (shield currently unavailable)
rNeg     . . .     Faith    .   D - +0 plate armour
rPois    .         Spirit   .   (helmet restricted)
rElec    .         Reflect  .   (no cloak)
rCorr    +         Harm     .   (no gloves)
MR       ++...                  (no boots)
Stlth    ..........             N - amulet of regeneration
HPRegen  1.65/turn              o - ring of stealth
MPRegen  0.12/turn              s - ring of resist corrosion

@: corroded, regenerating, drained
A: retaliatory headbutt, horns 2
a: Berserk, Trog's Hand, Brothers in Arms, Renounce Religion, Evoke Flight


You were on level 13 of the Dungeon.
You worshipped Trog.
Trog was extremely pleased with you.
You were very hungry.

You visited 1 branch of the dungeon, and saw 13 of its levels.
You also visited: Bailey.

You collected 692 gold pieces.
You spent 312 gold pieces at shops.

Inventory:

Hand Weapons
 a - the +8 frozen axe "Frostbite" (weapon) {freezing cloud, *Noise +Fly rC+}
   (You found it on level 5 of the Dungeon)

   It has been specially enchanted to freeze those struck by it, causing extra
   injury to most foes and up to half again as much damage against particularly
   susceptible opponents.
   It can also slow down cold-blooded creatures.
   It protects you from cold.
   It lets you fly.
   It may make noises in combat.
 x - a +0 war axe
 L - a +2 antimagic battleaxe
Armour
 D - a +0 plate armour (worn)
Jewellery
 o - a ring of stealth (left hand)
 s - a ring of resist corrosion (right hand)
 N - an amulet of regeneration (around neck)
Wands
 y - a wand of disintegration (26)
 A - a wand of random effects (35)
 E - a wand of paralysis (18)
 F - a wand of scattershot (2)
 J - a wand of acid (18)
 P - a wand of iceblast (11)
Scrolls
 b - 3 scrolls of immolation
 h - 5 scrolls of teleportation
 i - 6 scrolls of enchant weapon
 j - 2 scrolls of enchant armour
 m - 6 scrolls of amnesia
 p - 2 scrolls of blinking
 q - 3 scrolls of noise
 r - 2 scrolls of identify
 u - a scroll of magic mapping
 w - 16 scrolls of remove curse
 H - 2 scrolls of fog
 K - a scroll of fear
 M - a scroll of silence
 Q - a scroll of random uselessness {unknown}
Potions
 e - 6 potions of might
 f - a potion of degeneration {unknown}
 g - a potion of magic {unknown}
 k - 6 potions of brilliance
 l - 5 potions of curing
 n - 2 potions of heal wounds {unknown}
 t - 3 potions of cancellation {unknown}
 v - 4 potions of flight
 z - a potion of invisibility {unknown}
 B - 2 potions of haste {unknown}
 C - a potion of berserk rage {unknown}
 G - 2 potions of resistance {unknown}
 I - a potion of mutation {unknown}
 O - a potion of ambrosia {unknown}
Comestibles
 c - 10 rations
 d - 18 chunks of flesh


   Skills:
 - Level 3.6(3.3) Fighting
 + Level 22.7(22.3) Axes
 - Level 2.4(2.1) Armour
 - Level 2.1(1.9) Dodging


You had 11 spell levels left.
You didn't know any spells.
Your spell library was empty.

Dungeon Overview and Level Annotations

Branches:
Dungeon (13/15)            Temple (0/1) D:6            Lair (0/6) D:10
    Orc (0/2) D:11         Vaults (0/5) D:13

Altars:
Ashenzari
Fedhas
Gozag
Hepliaklqana
Kikubaaqudgha
Makhleb
Nemelex Xobeh
Qazlal
Ru
Sif Muna
Uskayaw
Vehumet
Yredelemnul
The Shining One

Shops:
D:5 :   D:7 %?   D:12 =


Innate Abilities, Weirdness & Mutations

You reflexively headbutt those who attack you in melee.
You have a pair of horns on your head.


Message History

a hand axe; a chain mail You barely miss the deep elf knight.
The deep elf knight is moderately wounded.
The deep elf knight hits you with a scimitar of holy wrath!
* * * LOW HITPOINT WARNING * * *
Your ogre completely misses the deep elf knight.
A deep elf mage comes into view. It is wielding a rapier.
An ice beast, a troll and 2 vault guards come into view.
The vault guard shouts!
The deep elf knight casts a spell.
The deep elf knight flickers and vanishes!
Deactivating autopickup; reactivate with Ctrl-A.
Something hits your iron troll!
Your ogre rages.
The iguana bites your ogre.
The vault guard hits your iron troll with a battleaxe!
You hear some strange, mumbled words.
A shard of ice appears from out of thin air!
The shard of ice hits you! You partially resist.
You die...

# ##.........# ..
##..........# ...#
##...........#
.....#............#
.∩..z'............#
#Ho...)......#
##lO).)......#
##{)(.......# ##+#
##(.@.....># ##...##
##T........#
##.....####p.........#
##.......##...........#
.........pTY..........#
##.........e..........#
......................#
#...####..............#
#...# #........)....


You could see 2 vault guards, a skeletal warrior, a hippogriff, a deep elf mage,
a troll, an orc warrior, an ice beast, an iguana, a friendly iron troll
(berserk) and a friendly ogre (berserk).

Vanquished Creatures
  Kirke (D:12)
  4 two-headed ogres
  Urug (D:11)
  Nergalle (D:10)
  2 unseen horrors (D:10)
  A deep elf mage (D:13)
  An orc knight (Bailey)
  A manticore (D:11)
  A centaur skeleton (D:10)
  5 trolls
  A hornet (D:11)
  Grinder (D:6)
  9 slime creatures (D:12)
  2 hippogriffs
  Sigmund (D:6)
  14 yaks
  A wraith (D:11)
  2 wyverns
  5 hogs (D:12)
  A vampire (D:10)
  Grum (D:11)
  A hungry ghost (D:11)
  2 wargs (D:10)
  A soldier ant (D:13)
  A water moccasin (D:11)
  A black bear (D:10)
  10 orc warriors
  2 sky beasts
  5 phantoms
  6 ogres
  4 ice beasts
  3 wolves (D:11)
  14 centaurs
  3 big kobolds
  9 bullfrogs
  A water moccasin zombie (D:5)
  5 scorpions
  9 killer bees
  6 howler monkeys
  2 bullfrog zombies
  6 crimson imps
  A quasit (D:11)
  2 centaur zombies
  13 orc priests
  3 hounds
  4 jellies
  A bullfrog skeleton (D:10)
  13 orc wizards
  6 iguanas
  9 worker ants
  A killer bee zombie (D:7)
  A worker ant zombie (D:11)
  6 adders
  3 gnolls (D:4)
  A howler monkey skeleton (D:11)
  A shadow imp (D:11)
  2 oozes
  An adder zombie (D:6)
  3 worms
  6 dart slugs
  4 leopard geckos
  67 orcs
  6 bats
  6 giant cockroaches
  8 hobgoblins
  3 jackals (D:5)
  24 kobolds
  7 quokkas
  A ball python (D:4)
  7 frilled lizards
  14 goblins
  A leopard gecko skeleton (D:4)
  5 rats
  A spectral orc (D:9)
378 creatures vanquished.

Notes
Turn   | Place    | Note
-------+----------+-------------------------------------------
     0 | D:1      | Mirvelgyr the Minotaur Berserker began the quest for the Orb.
     0 | D:1      | Reached XP level 1. HP: 19/19 MP: 0/0
    46 | D:1      | Reached skill level 4 in Axes
    59 | D:1      | Reached XP level 2. HP: 26/26 MP: 1/1
   349 | D:1      | Reached skill level 5 in Axes
   491 | D:1      | Reached XP level 3. HP: 30/31 MP: 2/2
   940 | D:2      | Reached ** piety under Trog
  1165 | D:2      | Reached skill level 6 in Axes
  1165 | D:2      | Reached XP level 4. HP: 37/39 MP: 3/3
  1399 | D:2      | Found an ancient bone altar of Kikubaaqudgha.
  1399 | D:2      | Found a sparkling altar of Nemelex Xobeh.
  1405 | D:2      | Found a blossoming altar of Fedhas.
  1407 | D:2      | Found a faded altar of an unknown god.
  1408 | D:2      | Found a burning altar of Makhleb.
  1652 | D:3      | Reached skill level 7 in Axes
  1652 | D:3      | Reached XP level 5. HP: 27/45 MP: 4/4
  1874 | D:3      | Found a blossoming altar of Fedhas.
  1970 | D:3      | Reached *** piety under Trog
  2191 | D:4      | Found a hazy altar of Hepliaklqana.
  2199 | D:4      | Noticed an ogre
  2204 | D:4      | Found a burning altar of Makhleb.
  2207 | D:4      | Killed an ogre
  2207 | D:4      | Reached skill level 8 in Axes
  2207 | D:4      | Reached XP level 6. HP: 27/51 MP: 5/5
  2407 | D:4      | Reached skill level 9 in Axes
  2513 | D:4      | Reached XP level 7. HP: 24/57 MP: 6/6
  2876 | D:4      | Found a radiant altar of Vehumet.
  2876 | D:4      | Found a hide-covered altar of Uskayaw.
  2968 | D:5      | Entered Level 5 of the Dungeon
  2968 | D:5      | Found the +8 frozen axe "Frostbite" {freezing cloud, *Noise +Fly rC+}
  2996 | D:5      | Reached skill level 10 in Axes
  3624 | D:5      | Found Lamytt's Book Shoppe.
  3906 | D:6      | Reached skill level 11 in Axes
  3957 | D:6      | Reached XP level 8. HP: 58/64 MP: 7/7
  3985 | D:6      | Reached skill level 12 in Axes
  4028 | D:6      | Found a staircase to the Ecumenical Temple.
  4041 | D:6      | Noticed Sigmund
  4050 | D:6      | Killed Sigmund
  4050 | D:6      | Reached skill level 13 in Axes
  4267 | D:6      | Noticed a two-headed ogre
  4273 | D:6      | Killed a two-headed ogre
  4273 | D:6      | Reached skill level 14 in Axes
  4273 | D:6      | Reached XP level 9. HP: 57/70 MP: 8/8
  4411 | D:6      | Noticed Grinder
  4413 | D:6      | Paralysed by Grinder for 6 turns
  4424 | D:6      | Paralysed by Grinder for 7 turns
  4432 | D:6      | Killed Grinder
  4697 | D:6      | Found an opulent altar of Gozag.
  4697 | D:6      | Found a sacrificial altar of Ru.
  4774 | D:6      | Reached **** piety under Trog
  4829 | D:6      | Found a deep blue altar of Sif Muna.
  4903 | D:7      | Found Caedwauh's Magic Scroll Emporium.
  4906 | D:7      | Bought a scroll of identify for 22 gold pieces
  4906 | D:7      | Bought a scroll of magic mapping for 38 gold pieces
  4906 | D:7      | Bought a scroll of identify for 22 gold pieces
  4906 | D:7      | Bought 2 scrolls of remove curse for 66 gold pieces
  4906 | D:7      | Bought a scroll of enchant weapon for 82 gold pieces
  4906 | D:7      | Bought a scroll of enchant weapon for 82 gold pieces
  4935 | D:7      | Reached skill level 15 in Axes
  5024 | D:7      | Found Teusae's Food Shoppe.
  5165 | D:7      | Found a stormy altar of Qazlal.
  5611 | D:8      | Noticed a two-headed ogre
  5612 | D:8      | Found a shattered altar of Ashenzari.
  5616 | D:8      | Killed a two-headed ogre
  5616 | D:8      | Reached skill level 16 in Axes
  5616 | D:8      | Reached XP level 10. HP: 57/77 MP: 9/9
  5865 | D:8      | Noticed a two-headed ogre
  5872 | D:8      | Killed a two-headed ogre
  5872 | D:8      | Reached skill level 17 in Axes
  6241 | D:9      | Found a basalt altar of Yredelemnul.
  6246 | D:9      | You fall through a shaft for 2 floors!
  6262 | D:11     | Reached ***** piety under Trog
  6302 | D:11     | Found a staircase to the Orcish Mines.
  6494 | D:11     | Noticed a manticore
  6497 | D:11     | Killed a manticore
  6497 | D:11     | Reached skill level 18 in Axes
  6969 | D:11     | Reached XP level 11. HP: 68/82 MP: 10/10
  6977 | D:11     | Reached skill level 19 in Axes
  7156 | D:10     | Entered Level 10 of the Dungeon
  7158 | D:10     | Found a staircase to the Lair.
  7191 | D:10     | Noticed Nergalle
  7198 | D:10     | Killed Nergalle
  7368 | D:10     | Killed an unseen horror
  7408 | D:10     | Killed an unseen horror
  7408 | D:10     | Reached skill level 20 in Axes
  7738 | D:9      | Received a gift from Trog
  7777 | D:9      | Found a deep blue altar of Sif Muna.
  8261 | D:9      | Found a glowing golden altar of the Shining One.
  8923 | D:11     | Noticed Grum
  8934 | D:11     | Killed Grum
  9009 | D:11     | Noticed Urug
  9025 | D:11     | Killed Urug
  9025 | D:11     | Reached skill level 21 in Axes
  9086 | D:11     | Paralysed by a hornet for 3 turns
  9093 | D:11     | Reached XP level 12. HP: 60/90 MP: 11/11
  9379 | D:12     | Found Neut's Jewellery Shoppe.
  9476 | D:12     | Noticed a two-headed ogre
  9482 | D:12     | Killed a two-headed ogre
  9491 | D:12     | Found a flagged portal.
  9498 | Bailey   | Entered a bailey
  9535 | Bailey   | HP: 4/90 [orc warrior/broad axe (13)]
  9848 | D:12     | Reached skill level 22 in Axes
 10053 | D:12     | Noticed Kirke
 10062 | D:12     | Killed Kirke
 10488 | D:13     | Found a gate to the Vaults.
 10495 | D:13     | Noticed a vault guard
 10495 | D:13     | Noticed a vault guard
 10496 | D:13     | Killed from afar by a deep elf knight

Vault maps used:
D:1:      lemuel_arrival_funnel, kennysheep_flooded_box
D:2:      chequers_temple_overflow_minitemple, first_ration, serial_glass,
          glass_columns_c, glass_columns_a, glass_columns_a, glass_columns_c
D:3:      fedhas_altar_1
D:4:      gammafunk_temple_overflow_elements, nicolae_overflow_hidden_temple,
          minmay_misc_feat_x, bloody_makhleb
D:5:      serial_shops, nicolae_shop_waterfront
D:6:      gammafunk_temple_overflow_wave, minmay_temple_entry_purple_smoke,
          lemuel_blue_sif_altar, uniq_grinder, uniq_sigmund
D:7:      lemuel_doored_altar, serial_shops, shop_fountains, kennysheep_mini
D:8:      evilmike_ruin_ashenzari
D:9:      lemuel_crystal_altar, yredelemnul_forgotten_temple_becter, basic_altar
D:10:     erik_lair_orcish_takeover, uniq_nergalle
D:11:     hiddenorc2_lemuel, uniq_grum, uniq_urug
D:12:     enter_bailey_3, serial_shops, shop, uniq_kirke
D:13:     lightli_vaults_fourway_checkpoint
Bailey:   bailey_axe_1, bailey

Skill      XL: |  1  2  3  4  5  6  7  8  9 10 11 12 |
---------------+-------------------------------------+-----
Axes           | 4 5 6 7 8 9 11 14 16 18 21 22 | 22.7
Fighting       | |  3.6
Armour         | |  2.4
Dodging        | |  2.1

Action                   |  1- 3 |  4- 6 |  7- 9 | 10-12 || total
-------------------------+-------+-------+-------+-------++-------
Melee: Hand axe          |    72 |    29 |       |       ||   101
       Headbutt          |     6 |    15 |    21 |    58 ||   100
       War axe           |       |    69 |    10 |       ||    79
       Executioner's axe |       |       |   110 |   332 ||   442
Invok: Trog's Hand       |       |       |     1 |    10 ||    11
       Berserk           |       |       |       |     4 ||     4
       Brothers in Arms  |       |       |       |     2 ||     2
  Use: Scroll            |       |       |     6 |     9 ||    15
       Potion            |       |       |       |     1 ||     1
 Stab: Sleeping          |     1 |     4 |     2 |       ||     7
  Eat: Chunk             |     1 |     4 |    10 |    21 ||    36
       Ration            |       |       |       |     2 ||     2
Armor: Animal skin       |     7 |       |       |       ||     7
       Ring mail         |     4 |    21 |    21 |       ||    46
       Plate armour      |       |       |     4 |   174 ||   178
Dodge: Dodged            |    54 |    54 |    71 |   205 ||   384

Table legend:
 A = Spawn XP
 B = Non-spawn XP
 C = Spawn XP percentage of total XP
 D = Spawn monster count
 E = Non-spawn monster count
 F = Spawn count percentage of total count
 G = Total turns spent on level
                    A         B        C        D         E        F      G
               +---------+---------+-------+---------+---------+-------+---------
         Total |       0 |   33124 |   0.0 |       0 |     378 |   0.0 | 10496
               +---------+---------+-------+---------+---------+-------+---------
           D:1 |       0 |      51 |   0.0 |       0 |      23 |   0.0 |   852
           D:2 |       0 |      60 |   0.0 |       0 |      23 |   0.0 |   707
           D:3 |       0 |     167 |   0.0 |       0 |      26 |   0.0 |   587
           D:4 |       0 |     532 |   0.0 |       0 |      17 |   0.0 |   822
           D:5 |       0 |     410 |   0.0 |       0 |      14 |   0.0 |   933
           D:6 |       0 |    2642 |   0.0 |       0 |      28 |   0.0 |  1009
           D:7 |       0 |     825 |   0.0 |       0 |      20 |   0.0 |   646
           D:8 |       0 |    2953 |   0.0 |       0 |      30 |   0.0 |   577
           D:9 |       0 |    2684 |   0.0 |       0 |      25 |   0.0 |   934
          D:10 |       0 |    4463 |   0.0 |       0 |      30 |   0.0 |   927
          D:11 |       0 |    7933 |   0.0 |       0 |      87 |   0.0 |  1385
          D:12 |       0 |    7572 |   0.0 |       0 |      37 |   0.0 |   877
          D:13 |       0 |    1971 |   0.0 |       0 |      12 |   0.0 |   200
        Bailey |       0 |     861 |   0.0 |       0 |       6 |   0.0 |    40
               +---------+---------+-------+---------+---------+-------+---------
